 Dungeon Crawl Stone Soup version 0.22-a0-223-g0f5d773 (webtiles) character file.

27 sankara the Ruffian (level 2, 29/29 HPs)
             Began as a Troll Monk on Feb 18, 2018.
             Got out of the dungeon alive.
             The game lasted 00:02:52 (616 turns).

sankara the Ruffian (Troll Monk)                     Turns: 616, Time: 00:02:52

Health: 29/29      AC:  5    Str: 18    XL:     2   Next: 93%
Magic:  1/1        EV: 10    Int:  6    God:
Gold:   44         SH:  0    Dex: 12    Spells: 1/1 levels left

rFire    . . .     SeeInvis .   b - +2 hunting sling (flame)
rCold    . . .     Gourm    +   (no shield)
rNeg     . . .     Faith    .   a - +0 robe
rPois    .         Spirit   .   (helmet restricted)
rElec    .         Reflect  .   (no cloak)
rCorr    .         Harm     .   (gloves unavailable)
MR       .....                  (boots unavailable)
Stlth    ++........             (no amulet)
HPRegen  0.49/turn              i - ring of wizardry {Wiz+, !d}
MPRegen  0.07/turn              (no ring)

@: no status effects
A: large, unfitting armour, claws 3, fast metabolism 3, gourmand, regeneration
1, shaggy fur 1, tough skin 2
a: no special abilities


You escaped.
You were completely stuffed.

You visited 1 branch of the dungeon, and saw 1 of its levels.

You collected 44 gold pieces.

Inventory:

Hand Weapons
 b - a +2 hunting sling of flaming (weapon)
   (You found it on level 1 of the Dungeon)
Missiles
 l - 2 needles of confusion
Armour
 a - a +0 robe (worn)
 h - a +0 shield
   (You found it on level 1 of the Dungeon)
Jewellery
 i - a ring of wizardry (left claw) {Wiz+, !d}
   (You found it on level 1 of the Dungeon)
Scrolls
 c - 5 scrolls of identify {unknown}
 e - a scroll of immolation {unknown}
 g - a scroll of amnesia {unknown}
 m - a scroll of enchant armour {unknown}
Potions
 d - a potion of might {unknown}
 k - 2 potions of haste {unknown}
Comestibles
 j - 2 rations


   Skills:
 - Level 2.5 Fighting
 - Level 2.5 Dodging
 - Level 1.0 Stealth
 + Level 0.2 Shields
 * Level 3.9 Unarmed Combat


You had one spell level left.
You didn't know any spells.

Dungeon Overview and Level Annotations

Branches:
Dungeon (1/15)

Altars:


Innate Abilities, Weirdness & Mutations

You are too large for most types of armour.
You have claws for hands.
Your metabolism is lightning-fast.
You like to eat raw meat.
Your natural rate of healing is unusually fast.
You are covered in fur. (AC +1)
You have very tough skin. (AC +2)


Message History

A hobgoblin is nearby!
You closely miss the hobgoblin. The hobgoblin hits you.
You closely miss the hobgoblin. The hobgoblin barely misses you.
You claw the hobgoblin!
You kill the hobgoblin!
No target in view!
c - 5 scrolls labeled NEDICZ PIBUTREL (gained 1) Key pressed, stopping explore.
i - an opal ring Put on which piece of jewellery? (? for menu, Esc to quit)
i - a ring of wizardry (left claw)
Found a glowing hunting sling.
You see here a glowing hunting sling.
j - a glowing hunting sling Wear which item? (? for menu, Esc to quit)
Okay, then.
Wear which item? (? for menu, Esc to quit)
Okay, then.
Wield which item (- for none, * to show all)? (? for menu, Esc to quit)
Your +2 hunting sling of flaming bursts into flame!
j - a +2 hunting sling of flaming (weapon)
Adjust (i)tems, (s)pells, or (a)bilities?
Adjust which item? (? for menu, Esc to quit)
j - a +2 hunting sling of flaming (weapon)
Adjust to which letter? (? for menu, Esc to quit)
b - a +2 hunting sling of flaming (weapon)
j - 2 rations You see here 15 arrows.
Some of the chunks of flesh in your inventory have rotted away.
A giant cockroach comes into view.
Your +2 hunting sling of flaming stops flaming.
You are now empty-clawed.
Your +2 hunting sling of flaming bursts into flame!
b - a +2 hunting sling of flaming (weapon)
Firing (i - inventory) No suitable missiles.
Press: ? - help, Shift-Dir - straight line, f - giant cockroach
Aim: a giant cockroach (clinging, resting)
Okay, then.
Firing (i - inventory) No suitable missiles.
Press: ? - help, Shift-Dir - straight line, f/p - giant cockroach
Aim: a giant cockroach (clinging, resting)
Okay, then.
Firing (i - inventory) No suitable missiles.
Press: ? - help, Shift-Dir - straight line, f/p - giant cockroach
Aim: a giant cockroach (clinging, resting)
Okay, then.
Firing (i - inventory) No suitable missiles.
Press: ? - help, Shift-Dir - straight line, f/p - giant cockroach
Aim: a giant cockroach (clinging, resting)
Okay, then.
Firing (i - inventory) No suitable missiles.
Press: ? - help, Shift-Dir - straight line, f/p - giant cockroach
Aim: a giant cockroach (clinging, resting)
Okay, then.
Unknown command.
Firing (i - inventory) No suitable missiles.
Press: ? - help, Shift-Dir - straight line, f/p - giant cockroach
Aim: a giant cockroach (clinging, resting)
Okay, then.
Firing (i - inventory) No suitable missiles.
Press: ? - help, Shift-Dir - straight line, f/p - giant cockroach
Aim: a giant cockroach (clinging, resting)
Okay, then.
Firing (i - inventory) No suitable missiles.
Press: ? - help, Shift-Dir - straight line, f/p - giant cockroach
Aim: a giant cockroach (clinging, resting)
Okay, then.
You don't know any spells.
Unknown command.
Unknown command.
The giant cockroach is too close now for your liking.
Your +2 hunting sling of flaming stops flaming.
You are now empty-clawed.
The giant cockroach barely misses you. The giant cockroach closely misses you.
You claw the giant cockroach!
You kill the giant cockroach!
No target in view!
No target in view!
Your +2 hunting sling of flaming bursts into flame!
b - a +2 hunting sling of flaming (weapon)
k - 2 orange potions Eating one of 2 chunks of flesh {@w0}.
You eat one of the 2 chunks of flesh {@w0}.
This raw flesh tastes great.
l - 2 needles of confusion You open the door.
There is an open door here.
You open the door.
Found a runed hand axe.
There is an open door here.
Unknown command.
m - a scroll labeled LAT KAECE BUTUS All of the chunks of flesh in your inventory have rotted away.
You open the door.
There is an open door here.
There is a staircase leading out of the dungeon here.
Are you sure you want to leave the Dungeon?
This will make you lose the game!
Alright, then stay!
Are you sure you want to leave the Dungeon?
This will make you lose the game!
You have escaped!

#.# #.....#.###.#..#......##
##.###.#########'#########..#
......##.................#..##
#...####.#.###########.#.#...####
#.#.# #.##.#.......#.##.#.......
....## #.#.#.###'###.#.#)#..#####
#....# #.#.#.#.....#.#.#.#.##
#....###.#.#.#.....#.#.#.#####
..#..'.'.#.#.+..@..'.#.#.'.'.#
###..###.#.#.#.....#.#.#.###.# #
#..).#.#.#.#.....#.#.#.#...####
###..#.#.#.#.###+###.#.#.#..##...
.##....#.# .#.......#.##.#...#...
....)..#.#.###########.#.#.......
.......#[.............)..#.#.#...
###>...#########'#########..##...
##.............#.# #.######


There were no monsters in sight!

Vanquished Creatures
  A dart slug (D:1)
  A leopard gecko (D:1)
  2 giant cockroaches (D:1)
  5 goblins (D:1)
  5 hobgoblins (D:1)
  A kobold (D:1)
  2 bats (D:1)
  2 frilled lizards (D:1)
  A rat (D:1)
20 creatures vanquished.

Notes
Turn   | Place    | Note
-------+----------+-------------------------------------------
     0 | D:1      | sankara the Troll Monk began the quest for the Orb.
     0 | D:1      | Reached XP level 1. HP: 22/22 MP: 0/0
   167 | D:1      | Reached XP level 2. HP: 29/29 MP: 1/1
   616 | D:$      | Got out of the dungeon alive.

Vault maps used:
D:1:      matt_arrival_los_fun

Action                   || total
-------------------------++-------
Melee: Unarmed           ||    41
       Punch             ||     1
 Stab: Sleeping          ||     1
  Eat: Chunk             ||    11
Armor: Robe              ||     5
Dodge: Dodged            ||    23

Table legend:
 A = Spawn XP
 B = Non-spawn XP
 C = Spawn XP percentage of total XP
 D = Spawn monster count
 E = Non-spawn monster count
 F = Spawn count percentage of total count
 G = Total turns spent on level
                    A         B        C        D         E        F      G
               +---------+---------+-------+---------+---------+-------+---------
         Total |       0 |      39 |   0.0 |       0 |      20 |   0.0 |   616
               +---------+---------+-------+---------+---------+-------+---------
           D:1 |       0 |      39 |   0.0 |       0 |      20 |   0.0 |   616
               +---------+---------+-------+---------+---------+-------+---------

Vault maps used:
D:1:      matt_arrival_los_fun

Table legend:
 A = Turns spent in this place as a percentage of turns spent in the entire game.
 B = Non-inter-level travel turns spent in this place as a percentage of non-inter-level travel turns spent in the entire game.
 C = Inter-level travel turns spent in this place as a percentage of turns spent in this place.
 D = Turns resting spent in this place as a percentage of non-inter-level travel turns spent in this place.
 E = Turns spent auto-exploring this place as a percentage of non-inter-level travel turns spent in this place.
 F = Non-inter-level travel turns spent in this place divided by the number of levels of this place that you've seen.
                   A       B       C       D       E      F
               +-------+-------+-------+-------+-------+----------------------
         Total | 100.0 | 100.0 |   2.6 |   0.0 |  76.2 | 600.0
       Dungeon | 100.0 | 100.0 |   2.6 |   0.0 |  76.2 | 600.0
               +-------+-------+-------+-------+-------+----------------------

Table legend:
 A = Kills in this place as a percentage of kills in entire the game.
 B = Kills by you in this place as a percentage of kills by you in the entire game.
 C = Kills by friends in this place as a percentage of kills by friends in the entire game.
 D = Other kills in this place as a percentage of other kills in the entire game.
 E = Experience gained in this place as a percentage of experience gained in the entire game.
 F = Experience gained in this place divided by the number of levels of this place that you have seen.
                   A       B       C       D       E      F
               +-------+-------+-------+-------+-------+----------------------
         Total | 100.0 | 100.0 |   N/A |   N/A | 100.0 |  39.0
       Dungeon | 100.0 | 100.0 |   N/A |   N/A | 100.0 |  39.0
               +-------+-------+-------+-------+-------+----------------------
